 Dungeon Crawl Stone Soup version 0.24-a0-201-gf205589 (console) character file.

Game seed: 9430511837746226708

24 bli the Stinger (level 2, 0/20 HPs)
             Began as a Draconian Venom Mage on Mar 24, 2019.
             Succumbed to an adder's poison
             ... on level 1 of the Dungeon.
             The game lasted 00:03:38 (1134 turns).

bli the Stinger (Draconian Venom Mage)              Turns: 1134, Time: 00:03:38

Health: 0/20       AC:  4    Str: 10    XL:     2   Next: 79%
Magic:  1/6        EV: 12    Int: 15    God:
Gold:   16         SH:  0    Dex: 11    Spells: 6/7 levels left

rFire    . . .     SeeInvis .   d - +0 spear
rCold    . . .     Gourm    .   (no shield)
rNeg     . . .     Faith    .   (armour unavailable)
rPois    .         Spirit   .   (helmet restricted)
rElec    .         Reflect  .   (no cloak)
rCorr    .         Harm     .   (no gloves)
MR       .....                  (no boots)
Stlth    ++........             (no amulet)
HPRegen  0.06/turn              (no ring)
MPRegen  0.10/turn              (no ring)

@: lethally poisoned (0 -> -5)
A: unfitting armour, cold-blooded, AC +4
a: no special abilities


You were on level 1 of the Dungeon.
You were not hungry.

You visited 1 branch of the dungeon, and saw 2 of its levels.

You collected 16 gold pieces.

Inventory:

Hand Weapons
 d - a +0 spear (weapon)
Missiles
 c - 25 stones (quivered)
Scrolls
 a - a scroll of identify
 e - a scroll of enchant armour {unknown}
 f - a scroll of remove curse {unknown}
 h - a scroll of teleportation
Comestibles
 b - 2 rations
 g - 2 chunks of flesh


   Skills:
 + Level 0.1 Fighting
 - Level 1.7 Dodging
 - Level 1.7 Stealth
 * Level 3.0 Spellcasting
 + Level 1.3 Conjurations
 - Level 3.0 Poison Magic


You had 6 spell levels left.
You knew the following spells:

 Your Spells              Type           Power        Failure   Level  Hunger
a - Sting                 Conj/Pois      #...         9%          1    #......

Your spell library contained the following spells:

 Spells                   Type           Power        Failure   Level  Hunger
 Poisonous Vapours        Pois/Air       #.....       16%         2    ##.....
 Mephitic Cloud           Conj/Pois/Air  #.......     32%         3    ###....
 Olgreb's Toxic Radiance  Pois           ##......     50%         4    #####..
 Venom Bolt               Conj/Pois      #.........   92%         5    ######.


Dungeon Overview and Level Annotations

Branches:
Dungeon (2/15)

Altars:
Yredelemnul


Innate Abilities, Weirdness & Mutations

Your plain brown scales are hard. (AC +4)
You cannot fit into any form of body armour.
You are cold-blooded and may be slowed by cold attacks.


Message History

* * * LOW HITPOINT WARNING * * *
You feel sick.
* * * LOW HITPOINT WARNING * * *
You feel sick.
There is a stone staircase leading down here.
Things that are here:
a chunk of flesh; an adder skeleton There isn't anything to butcher here.
Unknown command.
Unknown command.
g - 2 chunks of flesh (gained 1) Unknown command.
As you read the scroll labeled XOCEYNT WUOQ, it crumbles to dust.
The air around you briefly surges with heat, but it dissipates.
It was a scroll of immolation.
Your magical contamination has completely faded away.
As you read the scroll labeled USEODU GEOLLE, it crumbles to dust.
It is a scroll of identify.
h - a scroll of teleportation You die...

#.###.###..##..##....# #
##.##...##..##..##..#####
#...........##..##.......
#..##...##......###.#####
#..###.###..##..# #.#
#..###.###..##..###.#
#...................#
#.####.###...#...#### #.#
#...........#
#.#########..#...## #
#.......@>........# #
##############.#..# #
#.#..# # #.#..# # #.#..#
# #....#######
#........... #...........
##.#<####### #.### #.#


There were no monsters in sight!

Vanquished Creatures
  An adder (D:1)
  3 bats (D:1)
  A giant cockroach (D:1)
  A goblin (D:1)
  2 hobgoblins (D:1)
  A jackal (D:1)
  A frilled lizard (D:1)
  5 rats
15 creatures vanquished.

Notes
Turn   | Place    | Note
-------+----------+-------------------------------------------
     0 | D:1      | bli the Draconian Venom Mage began the quest for the Orb.
     0 | D:1      | Reached XP level 1. HP: 14/14 MP: 3/3
   900 | D:1      | Reached XP level 2. HP: 20/20 MP: 1/5
   954 | D:2      | Found a basalt altar of Yredelemnul.
  1127 | D:1      | HP: 1/20 [poisoned by an adder]
  1134 | D:1      | Succumbed to an adder's poison

Levels and vault maps discovered:
D:1:      dpeg_arrival_tiny_a, layout_loops_ring, minmay_misc_feat_pillars
D:2:      layout_rooms, lemuel_crystal_altar, nicolae_ru_path_of_blood,
          cheibriados_altar_1

Skill      XL: |  1  2 |
---------------+-------+-----
Spellcasting   | 3 |  3.0
Fighting       | |  0.1
Dodging        | |  1.7
Stealth        | |  1.7
Conjurations   | |  1.3
Poison Magic   | |  3.0

Action                   || total
-------------------------++-------
Melee: Spear             ||    44
       Tailslap          ||     2
 Cast: Sting             ||    20
  Use: Scroll            ||     2
  Eat: Chunk             ||     1
Armor: Skin              ||    17
Dodge: Dodged            ||    56

Table legend:
 A = Non-vault XP
 B = Vault XP
 C = Vault XP percentage of total XP
 D = Non-vault monster count
 E = Vault monster count
 F = Vault count percentage of total count
                 A         B        C        D         E       F
            +---------+---------+-------+---------+---------+-------
      Total |      35 |       0 |   0.0 |      15 |       0 |   0.0
            +---------+---------+-------+---------+---------+-------
        D:1 |      34 |       0 |   0.0 |      14 |       0 |   0.0
        D:2 |       1 |       0 |   0.0 |       1 |       0 |   0.0
            +---------+---------+-------+---------+---------+-------
